 Dungeon Crawl Stone Soup version 0.18.1-8-gdd0e5ea (webtiles) character file.

98 Liquid the Chucker (level 4, -3/48 HPs)
             Began as an Ogre Hunter on June 10, 2016.
             Killed by divine providence
             ... invoked by an orc priest
              (14 damage)
             ... on level 3 of the Dungeon.
             The game lasted 00:03:51 (2078 turns).

Liquid the Chucker (Ogre Hunter)                    Turns: 2078, Time: 00:03:52

Health: -3/48      AC:  4    Str: 18    XL:     4   Next: 71%
Magic:  4/4        EV: 10    Int: 10    God:
Gold:   101        SH:  0    Dex: 10    Spells: 0 memorised, 3 levels left

rFire  . . .     SeeInvis .     o - +1 mace
rCold  . . .     Gourm    .     b - +0 robe
rNeg   . . .     Faith    .     (no shield)
rPois  .         Spirit   .     (helmet restricted)
rElec  .         Dismiss  .     i - +0 cloak
rCorr  .         Reflect  .     (gloves unavailable)
SustAt .         Harm     .     (boots unavailable)
MR     .....                    (no amulet)
Stlth  ++........               (no ring)
                                t - ring of stealth

@: not resistant to hostile enchantments, unstealthy
A: unfitting armour, tough skin 1
a: no special abilities


You were on level 3 of the Dungeon.
You were not hungry.

You visited 1 branch of the dungeon, and saw 3 of its levels.

You collected 101 gold pieces.

Inventory:

Hand Weapons
 a - a +0 short sword
 j - a +0 club
 o - a +1 mace (weapon)
Missiles
 c - 3 large rocks (quivered)
 d - 4 throwing nets
Armour
 b - a +0 robe (worn)
 i - a +0 cloak (worn)
Jewellery
 t - a ring of stealth (left hand)
Wands
 p - a wand of digging (12/24)
Scrolls
 k - 2 scrolls of remove curse
 m - a scroll of recharging {unknown}
 q - 3 scrolls of enchant weapon
 r - a scroll of noise
 u - a scroll of identify {unknown}
Potions
 e - 3 potions of flight {unknown}
 h - a potion of agility {unknown}
 l - a potion of curing {unknown}
 n - a potion of heal wounds {unknown}
Comestibles
 f - a bread ration
 g - a slice of pizza


   Skills:
 + Level 4.0 Fighting
 * Level 3.5 Maces & Flails
 + Level 4.4 Throwing
 - Level 2.0 Dodging
 - Level 0.7 Stealth


You had 3 spell levels left.
You didn't know any spells.

Dungeon Overview and Level Annotations

Branches:
Dungeon (3/15)

Altars:
Okawaru
The Shining One


Innate Abilities, Weirdness & Mutations

You are too large for most types of armour.
You have tough skin (AC +1).


Message History

You hit the orc but do no damage.
The orc is moderately wounded.
The orc closely misses you. x2
You hit the orc.
The orc is severely wounded.
The orc hits you with a whip!
* * * LOW HITPOINT WARNING * * *
Throwing (i - inventory. (,) - cycle):
c - 5 large rocks (quivered)
Press: ? - help, Shift-Dir - straight line, f - orc priest
Aim: an orc priest, wielding a hand axe of chopping You throw a large rock.
The large rock hits the orc!!
You kill the orc!
Throwing (i - inventory. (,) - cycle):
c - 4 large rocks (quivered)
Press: ? - help, Shift-Dir - straight line, f/p - orc priest
Aim: an orc priest, wielding a hand axe of chopping You throw a large rock.
The large rock hits the orc!!
You kill the orc!
The orc priest mumbles some strange prayers to Beogh against you.
Beogh smites you!
You die...

#......<.#
#####....#
##.#.#
#.#.########
#.#........#
##########.# #
### #.# # ##†#
#.# #
####..###@# #
#......##o# ##
####.....)...#
8##
#.#..oo.####.#
..###...o..##
#.#
..o......###
#.# .......###
#.. ####..##
### # ####


You could see an orc priest.

Vanquished Creatures
  Terence (D:2)
  2 adders
  An ooze (D:2)
  2 worms (D:2)
  A dart slug (D:1)
  A giant gecko (D:3)
  3 orcs (D:3)
  A ball python (D:2)
  3 bats (D:2)
  3 giant cockroaches
  4 hobgoblins (D:2)
  3 jackals (D:2)
  7 kobolds
  4 giant newts
  3 goblins
  A rat (D:2)
40 creatures vanquished.

Notes
Turn   | Place    | Note
--------------------------------------------------------------
     0 | D:1      | Liquid the Ogre Hunter began the quest for the Orb.
     0 | D:1      | Reached XP level 1. HP: 22/22 MP: 1/1
   270 | D:1      | Reached XP level 2. HP: 31/31 MP: 2/2
   585 | D:2      | Reached skill level 1 in Maces & Flails
   887 | D:2      | Reached XP level 3. HP: 16/37 MP: 3/3
  1452 | D:2      | Found an iron altar of Okawaru.
  1559 | D:2      | Noticed Terence
  1563 | D:2      | Killed Terence
  1563 | D:2      | Reached XP level 4. HP: 47/48 MP: 4/4
  1996 | D:3      | Found a glowing golden altar of the Shining One.
  2078 | D:3      | Killed from afar by an orc priest

Skill      XL: |  1  2  3  4 |
---------------+-------------+-----
Fighting       | 3 4 |  4.0
Dodging        | 2 |  2.0
Maces & Flails | 1 3 |  3.5
Throwing       | |  4.4
Stealth        | |  0.7

Action                   |  1- 3 |  4- 6 || total
-------------------------+-------+-------++-------
Melee: Short sword       |    31 |       ||    31
       Club              |    47 |       ||    47
       Mace              |    37 |    24 ||    61
Throw: Large rock        |     9 |     2 ||    11
       Throwing net      |     1 |       ||     1
  Use: Scroll            |       |     6 ||     6
 Stab: Sleeping          |     2 |     3 ||     5
  Eat: Chunk             |     2 |     2 ||     4
Armor: Robe              |    42 |     7 ||    49
Dodge: Dodged            |    69 |     8 ||    77
